| 
	| TOP OF THE 1ST | 
|---|
 
		| Peoria Chiefs batting - Pitching for Greensboro Grasshoppers : RHP Zack Evans |  
		| Pitching: RHP Zack Evans |  |  
		| Batting: LHB Jay Fenderson | 0-0: Swinging Strike 0-1: Ground out U3 (Groundball, 34S, EV 82.5 MPH)
 |  
		| Batting: RHB Travis Leonard | 0-0: Swinging Strike 0-1: Foul Ball, location: 2F
 0-2:  Fly out, F8  (Line Drive, 8RD, EV 91.3 MPH)
 |  
		| Batting: LHB Jayden Thomas | 0-0: Foul Ball, location: 2F 0-1: Ball
 1-1: Ground out 4-3 (Groundball, 4, EV 86.9 MPH)
 |  
		| Top of the 1st over - 0 runs, 0 hits, 0 errors, 0 left on base; Peoria 0 - Greensboro 0 |  
	| BOTTOM OF THE 1ST | 
|---|
 
		| Greensboro Grasshoppers batting - Pitching for Peoria Chiefs : RHP Tristan Johnson |  
		| Pitching: RHP Tristan Johnson |  |  
		| Batting: RHB Tom Thompson | 0-0: Ball 1-0: Ball
 2-0: Foul Ball, location: 2F
 2-1: Foul Ball, location: 2F
 2-2:  Fly out, F7  (Flyball, 78M, EV 91.3 MPH)
 |  
		| Batting: RHB Torquato Obawole | 0-0: Ball 1-0: Swinging Strike
 1-1: Foul Ball, location: 2F
 1-2: Ball
 2-2: SINGLE  (Groundball, 25, EV 72.5 MPH) (infield hit)
 |  
		| Batting: RHB Isaiah Brockman | 0-0: Ball 1-0: Ball
 2-0: Called Strike
 2-1: SINGLE  (Line Drive, 34D, EV 97.5 MPH)
 Torquato Obawole to second
 Runner from 2nd tries for 3rd, SAFE, throw by RF made to third
 |  
		| Batting: RHB Jake Shelton | 0-0: Called Strike 0-1: Ball
 1-1: Ball
 2-1: Ball
 3-1: Grounds into double play, 4-6-3 (Groundball, 4, EV 90.6 MPH)
 |  
		| Bottom of the 1st over - 0 runs, 2 hits, 0 errors, 1 left on base; Peoria 0 - Greensboro 0 |  
	| TOP OF THE 2ND | 
|---|
 
		| Peoria Chiefs batting - Pitching for Greensboro Grasshoppers : RHP Zack Evans |  
		| Batting: RHB Mark Marks | 0-0: Ball 1-0:  Fly out, F4  (Popup, 23, EV 80.0 MPH)
 |  
		| Batting: RHB Mark Cahill | 0-0: Ball 1-0: Ball
 2-0: Ball
 3-0: Base on Balls
 |  
		| Batting: LHB Ken Compton | 0-0: Ball Mark Cahill is caught stealing 2nd base 2-6
 1-0: Called Strike
 1-1: Called Strike
 1-2: Ball
 2-2: Strikes out swinging
 |  
		| Top of the 2nd over - 0 runs, 0 hits, 0 errors, 0 left on base; Peoria 0 - Greensboro 0 |  
	| BOTTOM OF THE 2ND | 
|---|
 
		| Greensboro Grasshoppers batting - Pitching for Peoria Chiefs : RHP Tristan Johnson |  
		| Batting: RHB Boof Howell | 0-0: Called Strike 0-1: Called Strike
 0-2: Ball
 1-2: Strikes out looking
 |  
		| Batting: RHB Masumitsu Sugiura | 0-0: Ball 1-0: Called Strike
 1-1: Swinging Strike
 1-2: Strikes out swinging
 |  
		| Batting: RHB Jordan Arcidez | 0-0: Ball 1-0: Foul Ball, location: 2F
 1-1: Foul Ball, location: 2F
 1-2: Ground out 6-3 (Groundball, 6, EV 83.1 MPH)
 |  
		| Bottom of the 2nd over - 0 runs, 0 hits, 0 errors, 0 left on base; Peoria 0 - Greensboro 0 |  
	| TOP OF THE 3RD | 
|---|
 
		| Peoria Chiefs batting - Pitching for Greensboro Grasshoppers : RHP Zack Evans |  
		| Batting: SHB Bobby O'Leary | 0-0: Ball 1-0: Ball
 2-0: Called Strike
 2-1: Ball
 3-1: Called Strike
 3-2: Foul Ball, location: 2F
 3-2: Foul Ball, location: 2F
 3-2: Base on Balls
 |  
		| Batting: RHB Chris LaReau | 0-0: Called Strike Bobby O'Leary steals 2nd base
 0-1: Ball
 Wild Pitch!
 Bobby O'Leary to third
 1-1: Ball
 2-1: Swinging Strike
 2-2: Foul Ball, location: 2F
 2-2: Ball
 3-2: Strikes out swinging
 |  
		| Batting: RHB Josh Martin | 0-0: Swinging Strike 0-1: Ball
 1-1: Foul Ball, location: 2F
 1-2: Ball
 2-2: Strikes out looking
 |  
		| Batting: LHB Jay Fenderson | 0-0: Ball 1-0: Foul Ball, location: 2F
 1-1: Ground out 4-3 (Groundball, 4, EV 88.1 MPH)
 |  
		| Top of the 3rd over - 0 runs, 0 hits, 0 errors, 1 left on base; Peoria 0 - Greensboro 0 |  
	| BOTTOM OF THE 3RD | 
|---|
 
		| Greensboro Grasshoppers batting - Pitching for Peoria Chiefs : RHP Tristan Johnson |  
		| Batting: RHB Bob Raine | 0-0:  Fly out, F8  (Line Drive, 8LM, EV 92.5 MPH) |  
		| Batting: RHB Wei-guo Tsu | 0-0: Ball 1-0: Ground out 3-1 (Groundball, 34S, EV 81.3 MPH)
 |  
		| Batting: RHB Tom Thompson | 0-0: Ball 1-0: Called Strike
 1-1: Foul Ball, location: 2F
 1-2: Ball
 2-2: Ball
 3-2:  Fly out, F9  (Line Drive, 9, EV 95.6 MPH)
 |  
		| Bottom of the 3rd over - 0 runs, 0 hits, 0 errors, 0 left on base; Peoria 0 - Greensboro 0 |  
	| TOP OF THE 4TH | 
|---|
 
		| Peoria Chiefs batting - Pitching for Greensboro Grasshoppers : RHP Zack Evans |  
		| Batting: RHB Travis Leonard | 0-0: Ball 1-0:  Fly out, F8  (Flyball, 78M, EV 90.0 MPH)
 |  
		| Batting: LHB Jayden Thomas | 0-0: Ball 1-0: Called Strike
 1-1: Ball
 2-1: Ball
 3-1: SINGLE  (Line Drive, 9S, EV 85.0 MPH)
 |  
		| Batting: RHB Mark Marks | 0-0: Ball 1-0: Foul Ball, location: 2F
 1-1: Ball
 2-1: Foul Ball, location: 2F
 2-2: Ball
 Jayden Thomas is caught stealing 2nd base 2-4
 3-2: Foul Ball, location: 2F
 3-2: Foul Ball, location: 2F
 3-2: Base on Balls
 |  
		| Batting: RHB Mark Cahill | 0-0: Called Strike 0-1: Ball
 1-1: Called Strike
 1-2: Strikes out swinging
 |  
		| Top of the 4th over - 0 runs, 1 hit, 0 errors, 1 left on base; Peoria 0 - Greensboro 0 |  
	| BOTTOM OF THE 4TH | 
|---|
 
		| Greensboro Grasshoppers batting - Pitching for Peoria Chiefs : RHP Tristan Johnson |  
		| Batting: RHB Torquato Obawole | 0-0: Called Strike 0-1: Swinging Strike
 0-2: Foul Ball, location: 2F
 0-2: Ball
 1-2: Ball
 2-2: Ground out 6-3 (Groundball, 6, EV 87.5 MPH)
 |  
		| Batting: RHB Isaiah Brockman | 0-0: Ball 1-0: Ball
 2-0: Ball
 3-0: Called Strike
 3-1: Base on Balls
 |  
		| Batting: RHB Jake Shelton | 0-0: Called Strike 0-1: Grounds into double play, 4-6-3 (Groundball, 4, EV 102.5 MPH)
 |  
		| Bottom of the 4th over - 0 runs, 0 hits, 0 errors, 0 left on base; Peoria 0 - Greensboro 0 |  
	| TOP OF THE 5TH | 
|---|
 
		| Peoria Chiefs batting - Pitching for Greensboro Grasshoppers : RHP Zack Evans |  
		| Batting: LHB Ken Compton | 0-0: Ball 1-0: Swinging Strike
 1-1: Foul Ball, location: 2F
 1-2: Ball
 2-2: Foul Ball, location: 2F
 2-2: Ball
 3-2: Base on Balls
 |  
		| Batting: SHB Bobby O'Leary | 0-0: Called Strike 0-1: Ball
 Ken Compton steals 2nd base
 1-1: Swinging Strike
 1-2: Ground out 4-3 (Groundball, 4, EV 88.8 MPH)
 Ken Compton to third
 |  
		| Batting: RHB Chris LaReau | 0-0: Called Strike 0-1: Ball
 1-1: Ball
 2-1: Ball
 3-1:  Fly out, F9  (Flyball, 9, EV 90.6 MPH)
 Runner from 3rd tags up, SCORES, throw by RF
 |  
		| Batting: RHB Josh Martin | 0-0: Ball 1-0: Ball
 2-0: Ball
 3-0: Called Strike
 3-1: Foul Ball, location: 2F
 3-2: DOUBLE  (Line Drive, 89D, EV 101.9 MPH)
 |  
		| Pitching: RHP Reinaart Meyer |  |  
		| Batting: LHB Jay Fenderson | 0-0: Ball 1-0: Ball
 2-0: DOUBLE  (Groundball, 5L, EV 101.9 MPH)
 Josh Martin scores
 |  
		| Batting: RHB Travis Leonard | 0-0: Ball 1-0: Ball
 2-0: Ball
 3-0: Called Strike
 3-1: Called Strike
 3-2: Foul Ball, location: 2F
 3-2: Base on Balls
 |  
		| Batting: LHB Jayden Thomas | 0-0: Ball Wild Pitch!
 Jay Fenderson to third
 Travis Leonard to second
 1-0: Ball
 2-0: Swinging Strike
 2-1: Swinging Strike
 2-2: Ball
 3-2: Strikes out swinging
 |  
		| Top of the 5th over - 2 runs, 2 hits, 0 errors, 2 left on base; Peoria 2 - Greensboro 0 |  
	| BOTTOM OF THE 5TH | 
|---|
 
		| Greensboro Grasshoppers batting - Pitching for Peoria Chiefs : RHP Tristan Johnson |  
		| Batting: RHB Boof Howell | 0-0: Swinging Strike 0-1: Ground out 6-3 (Groundball, 6, EV 83.8 MPH)
 |  
		| Batting: RHB Masumitsu Sugiura | 0-0:  Fly out, F4  (Flyball, 34D, EV 81.9 MPH) |  
		| Batting: RHB Jordan Arcidez | 0-0: Called Strike 0-1: Ground out U3 (Groundball, 3S, EV 93.8 MPH)
 |  
		| Bottom of the 5th over - 0 runs, 0 hits, 0 errors, 0 left on base; Peoria 2 - Greensboro 0 |  
	| TOP OF THE 6TH | 
|---|
 
		| Peoria Chiefs batting - Pitching for Greensboro Grasshoppers : RHP Reinaart Meyer |  
		| Batting: RHB Mark Marks | 0-0: Called Strike 0-1: Called Strike
 0-2: Ball
 1-2: Strikes out swinging
 |  
		| Batting: RHB Mark Cahill | 0-0: Ground out 6-3 (Groundball, 6, EV 83.8 MPH) |  
		| Batting: LHB Ken Compton | 0-0: Called Strike 0-1: Ball
 1-1: Ball
 2-1: Ground out 3-1 (Groundball, 34, EV 79.4 MPH)
 |  
		| Top of the 6th over - 0 runs, 0 hits, 0 errors, 0 left on base; Peoria 2 - Greensboro 0 |  
	| BOTTOM OF THE 6TH | 
|---|
 
		| Greensboro Grasshoppers batting - Pitching for Peoria Chiefs : RHP Tristan Johnson |  
		| Batting: RHB Bob Raine | 0-0: Ball 1-0: Swinging Strike
 1-1: Called Strike
 1-2: Ball
 2-2: Ball
 3-2: Base on Balls
 |  
		| Batting: RHB Wei-guo Tsu | 0-0: Ball 1-0: Ball
 2-0: SINGLE  (Groundball, 34S, EV 67.5 MPH) (infield hit)
 Bob Raine to second
 |  
		| Batting: RHB Tom Thompson | 0-0: Ball 1-0: Ball
 2-0: SINGLE  (Groundball, 56D, EV 98.8 MPH)
 Bob Raine to third
 Wei-guo Tsu to second
 Runner from 3rd tries for Home, SAFE, throw by LF to home
 |  
		| Batting: RHB Torquato Obawole | 0-0: Called Strike 0-1: Fielders Choice at 2nd, 3-6 (Groundball, 34, EV 91.3 MPH)
 Wei-guo Tsu to third
 |  
		| Batting: RHB Isaiah Brockman | 0-0: Called Strike 0-1: Swinging Strike
 0-2: Ball
 1-2: Ball
 2-2:  Fly out, F7  (Line Drive, 7, EV 111.3 MPH)
 Runner from 3rd tags up, SCORES, throw by LF
 |  
		| Batting: RHB Jake Shelton | 0-0: Ball 1-0: Called Strike
 1-1: Ball
 2-1: Called Strike
 Torquato Obawole steals 2nd base
 2-2: Strikes out swinging
 |  
		| Bottom of the 6th over - 2 runs, 2 hits, 0 errors, 1 left on base; Peoria 2 - Greensboro 2 |  
	| TOP OF THE 7TH | 
|---|
 
		| Peoria Chiefs batting - Pitching for Greensboro Grasshoppers : RHP Reinaart Meyer |  
		| Pitching: LHP Nick Gore |  |  
		| Batting: SHB Bobby O'Leary | 0-0: Called Strike 0-1: Ball
 1-1: Foul Ball, location: 2F
 1-2:  Fly out, F8  (Flyball, 78M, EV 96.3 MPH)
 |  
		| Batting: RHB Chris LaReau | 0-0: Foul Ball, location: 2F 0-1: Ball
 1-1: Ball
 2-1: Ball
 3-1: Base on Balls
 |  
		| Batting: RHB Josh Martin | 0-0: Ball 1-0: Ball
 2-0: Ball
 3-0: Called Strike
 3-1: Foul Ball, location: 2F
 3-2: Strikes out swinging
 |  
		| Pinch Hitting: RHB Francisco Vargas | 0-0: Ball 1-0: SINGLE  (Groundball, 34, EV 78.8 MPH) (infield hit)
 Chris LaReau to second
 |  
		| Batting: RHB Travis Leonard | 0-0:  Fly out, F9  (Flyball, 89M, EV 91.3 MPH) |  
		| Top of the 7th over - 0 runs, 1 hit, 0 errors, 2 left on base; Peoria 2 - Greensboro 2 |  
	| BOTTOM OF THE 7TH | 
|---|
 
		| Greensboro Grasshoppers batting - Pitching for Peoria Chiefs : RHP Tristan Johnson |  
		| Now in LF: Jayden Thomas |  |  
		| Now in RF: Steve Barnett |  |  
		| Batting: RHB Boof Howell | 0-0: Ball 1-0: Ball
 2-0: Called Strike
 2-1: Foul Ball, location: 2F
 2-2: Strikes out looking
 |  
		| Batting: RHB Masumitsu Sugiura | 0-0: DOUBLE  (Line Drive, 7D, EV 100.6 MPH) |  
		| Batting: RHB Jordan Arcidez | 0-0: Ground out 5-3 (Groundball, 56, EV 104.4 MPH) |  
		| Batting: RHB Bob Raine | 0-0: Intentional Walk |  
		| Batting: RHB Wei-guo Tsu | 0-0: Ball 1-0: Foul Ball, location: 2F
 1-1: Foul Ball, location: 2F
 1-2: Ball
 2-2: Strikes out looking
 |  
		| Bottom of the 7th over - 0 runs, 1 hit, 0 errors, 2 left on base; Peoria 2 - Greensboro 2 |  
	| TOP OF THE 8TH | 
|---|
 
		| Peoria Chiefs batting - Pitching for Greensboro Grasshoppers : LHP Nick Gore |  
		| Pitching: RHP Tamirat Abboud |  |  
		| Batting: LHB Jayden Thomas | 0-0: Foul Ball, location: 2F 0-1: Ball
 1-1: Ball
 2-1: Ground out 6-3 (Groundball, 6MS, EV 92.5 MPH)
 |  
		| Batting: RHB Mark Marks | 0-0: Swinging Strike 0-1: Ball
 1-1: SINGLE  (Flyball, 89S, EV 89.4 MPH)
 |  
		| Batting: RHB Mark Cahill | 0-0: Called Strike 0-1: Called Strike
 0-2: SINGLE  (Flyball, 89S, EV 99.4 MPH)
 Mark Marks to second
 Runner from 2nd tries for 3rd, SAFE, throw by CF made to third
 |  
		| Batting: LHB Ken Compton | 0-0: Ball Mark Cahill is caught stealing 2nd base 2-6
 1-0:  Fly out, F7  (Flyball, 7, EV 95.6 MPH)
 |  
		| Top of the 8th over - 0 runs, 2 hits, 0 errors, 1 left on base; Peoria 2 - Greensboro 2 |  
	| BOTTOM OF THE 8TH | 
|---|
 
		| Greensboro Grasshoppers batting - Pitching for Peoria Chiefs : RHP Tristan Johnson |  
		| Pitching: RHP Rich Young |  |  
		| Batting: RHB Tom Thompson | 0-0: Called Strike 0-1: Foul Ball, location: 2F
 0-2: Ball
 1-2: Foul Ball, location: 2F
 1-2: Ball
 2-2: DOUBLE  (Flyball, 8RD, EV 96.3 MPH)
 |  
		| Batting: RHB Torquato Obawole | 0-0: Called Strike 0-1: Foul Ball, location: 2F
 0-2: Ball
 1-2: Ball
 2-2:  Fly out, F9  (Flyball, 9LS, EV 78.1 MPH)
 |  
		| Batting: RHB Isaiah Brockman | 0-0: Called Strike 0-1: Called Strike
 0-2: Ball
 1-2: Foul Ball, location: 2F
 1-2: Ball
 2-2: Strikes out swinging
 |  
		| Batting: RHB Jake Shelton | 0-0: Intentional Walk |  
		| Batting: RHB Boof Howell | 0-0:  Fly out, F7  (Line Drive, 7, EV 105.0 MPH) |  
		| Bottom of the 8th over - 0 runs, 1 hit, 0 errors, 2 left on base; Peoria 2 - Greensboro 2 |  
	| TOP OF THE 9TH | 
|---|
 
		| Peoria Chiefs batting - Pitching for Greensboro Grasshoppers : RHP Tamirat Abboud |  
		| Batting: SHB Bobby O'Leary | 0-0: Ball 1-0: Called Strike
 1-1: Ball
 2-1: Ball
 3-1: Base on Balls
 |  
		| Batting: RHB Chris LaReau | 0-0: Called Strike Bobby O'Leary steals 2nd base (no throw)
 0-1: Ball
 1-1: Ball
 2-1: Ground out 6-3 (Groundball, 56D, EV 110.6 MPH)
 |  
		| Batting: RHB Josh Martin | 0-0: Called Strike Bobby O'Leary steals 3rd, throwing error, E2
 Bobby O'Leary scores
 0-1: Called Strike
 0-2: Foul Ball, location: 2F
 0-2: Ball
 1-2: Ground out 1-3 (Groundball, 13S, EV 73.1 MPH)
 |  
		| Batting: SHB Steve Barnett | 0-0: Ball 1-0: Ball
 2-0: Ball
 3-0: Base on Balls
 |  
		| Batting: RHB Travis Leonard | 0-0: Ball 1-0: Called Strike
 1-1: Swinging Strike
 1-2: Ball
 2-2: Ball
 3-2: Foul Ball, location: 2F
 3-2: Strikes out swinging, 2-3 out at first.
 |  
		| Top of the 9th over - 1 run, 0 hits, 1 error, 1 left on base; Peoria 3 - Greensboro 2 |  
	| BOTTOM OF THE 9TH | 
|---|
 
		| Greensboro Grasshoppers batting - Pitching for Peoria Chiefs : RHP Rich Young |  
		| Pitching: RHP Cory Falcon |  |  
		| Batting: RHB Masumitsu Sugiura | 0-0: Foul Ball, location: 2F 0-1: Called Strike
 0-2: Strikes out looking
 |  
		| Batting: RHB Jordan Arcidez | 0-0: Called Strike 0-1: Ball
 1-1: Swinging Strike
 1-2: Ground out 6-3 (Groundball, 6, EV 107.5 MPH)
 |  
		| Batting: RHB Bob Raine | 0-0: Ball 1-0: SINGLE  (Line Drive, 7S, EV 112.5 MPH)
 |  
		| Batting: RHB Wei-guo Tsu | 0-0: Called Strike 0-1: Ball
 Passed Ball!
 Bob Raine to second
 1-1:  Fly out, F8  (Flyball, 8LM, EV 88.1 MPH)
 |  
		| Bottom of the 9th over - 0 runs, 1 hit, 0 errors, 1 left on base; Peoria 3 - Greensboro 2 |  |